 Dungeon Crawl Stone Soup version 0.17.0-23-g0de4337 (webtiles) character file.

113 JudasIscariot the Stinger (level 4, -2/38 HPs)
             Began as a Naga Venom Mage on Nov 14, 2015.
             Killed from afar by Natasha (8 damage)
             ... with a magic dart
             ... on level 2 of the Dungeon.
             The game lasted 00:09:16 (2051 turns).

JudasIscariot the Stinger (Naga Venom Mage)         Turns: 2051, Time: 00:09:17

Health: -2/38      AC:  2    Str: 10    XL:     4   Next: 96%
Magic:  2/7        EV: 10    Int: 16    God:
Gold:   188        SH:  0    Dex: 12    Spells: 3 memorised, 1 level left

rFire  . . .     SeeInvis +     k - +0 short sword
rCold  . . .     Clarity  .     a - +0 robe
rNeg   . . .     SustAt   .     (no shield)
rPois  +         Gourm    .     (no helmet)
rElec  .         Spirit   .     (no cloak)
rCorr  .         Warding  .     (no gloves)
rMut   .         Stasis   .     (no barding)
MR     .....                    (no amulet)
Stlth  ++........               (no ring)
                                (no ring)

@: very slow, not resistant to hostile enchantments, unstealthy
A: see invisible, deformed body, poison resistance, slowness 2, slow metabolism
1, spit poison 2, AC +1
a: Spit Poison


You were on level 2 of the Dungeon.
You were not hungry.

You visited 1 branch of the dungeon, and saw 2 of its levels.

You collected 188 gold pieces.

Inventory:

Hand Weapons
 g - a +0 dagger
 k - a +0 short sword (weapon)
Armour
 a - a +0 robe (worn)
Jewellery
 l - a +3 ring of strength {unknown}
Scrolls
 d - a scroll of recharging {unknown}
 e - a scroll of noise {unknown}
 f - a scroll of amnesia {unknown}
 h - a scroll of random uselessness {unknown}
 i - 3 scrolls of identify {unknown}
 j - a scroll of remove curse {unknown}
Potions
 n - a potion of ambrosia {unknown}
 o - a potion of lignification {unknown}
Books
 b - a Young Poisoner's Handbook

   Spells                             Type                      Level
   a - Sting                          Conjuration/Poison           1
   b - Cure Poison                    Poison                       2
   c - Mephitic Cloud                 Conjuration/Poison/Air       3
   d - Olgreb's Toxic Radiance        Poison                       4
   e - Venom Bolt                     Conjuration/Poison           5
Comestibles
 c - a bread ration
 m - a beef jerky
 p - 2 chunks of flesh


   Skills:
 + Level 1.0 Fighting
 + Level 1.1 Short Blades
 + Level 2.0 Dodging
 + Level 3.3 Stealth
 + Level 0.2 Unarmed Combat
 * Level 2.3 Spellcasting
 * Level 1.1 Conjurations
 * Level 6.5 Poison Magic


You had one spell level left.
You knew the following spells:

 Your Spells              Type           Power        Failure   Level  Hunger
a - Sting                 Conj/Pois      ##..         6%          1    #......
b - Cure Poison           Pois           ###.......   1%          2    ###....
c - Mephitic Cloud        Conj/Pois/Air  ##......     21%         3    ###....


Dungeon Overview and Level Annotations

Branches:
Dungeon (2/15)

Altars:
Cheibriados
Elyvilon
Zin

Annotations:
D:2 Natasha


Innate Abilities, Weirdness & Mutations

You cannot wear boots.
Your serpentine skin is tough (AC +1).
You have supernaturally acute eyesight.
Armour fits poorly on your strangely shaped body.
Your system is resistant to poisons.
You cover ground very slowly.
You have a slow metabolism.
You can spit poison.


Message History

The sting hits Natasha.
Natasha appears unharmed.
Natasha is moderately wounded.
Natasha closely misses you.
Casting: Sting
Confirm with . or Enter, or press ? or * to list all spells.
Aiming: Sting
Press: ? - help, Shift-Dir - straight line, f/p - Natasha
Aim: Natasha (moderately wounded)
The sting misses Natasha.
Natasha stares next to you and mumbles some strange words.
A cloud of flames roars to life!
You closely miss Natasha.
Natasha is moderately wounded.
Natasha claws you.
* * * LOW HITPOINT WARNING * * *
You hit Natasha but do no damage.
Natasha is moderately wounded.
Natasha casts a spell at you. The magic dart hits you!
You die...

###### #...#....... #.### .....#
########...##########.# #
####.####......#..............# #
#......#.###.#.......##<...## #
#..###.#...#.#......###....# #
#..# #.###.#.#.....## #....# #
#..# #...........### ##'###
#..#######.#.#h### #.#
###..........#.#@# #####.#
....##########.#§# #.....#
##############.#.#####.##########
........÷......#.................
################.......##########
#.##....<...#....<...<......
#.##.########.##############
#.................#
#....########.###.#


You could see Natasha.

Vanquished Creatures
  Natasha (D:2)
  4 adders (D:2)
  An ooze (D:1)
  2 worms (D:2)
  A giant gecko (D:2)
  2 giant cockroaches (D:1)
  7 hobgoblins
  2 quokkas (D:2)
  A ball python (D:2)
  A bat (D:1)
  3 giant newts
  7 goblins
  3 jackals (D:2)
  5 kobolds
  6 rats
46 creatures vanquished.

Notes
Turn   | Place    | Note
--------------------------------------------------------------
     0 | D:1      | JudasIscariot the Naga Venom Mage began the quest for the Orb.
     0 | D:1      | Reached XP level 1. HP: 15/15 MP: 3/3
   136 | D:1      | Reached XP level 2. HP: 8/22 MP: 1/5
   146 | D:1      | Learned a level 2 spell: Cure Poison
   450 | D:1      | Reached skill level 6 in Poison Magic
   785 | D:1      | Reached XP level 3. HP: 21/28 MP: 6/6
   797 | D:1      | Learned a level 3 spell: Mephitic Cloud
   918 | D:2      | Found a snail-covered altar of Cheibriados.
   921 | D:2      | Found a white marble altar of Elyvilon.
   923 | D:2      | Found a glowing silver altar of Zin.
  1320 | D:2      | Reached XP level 4. HP: 29/37 MP: 7/7
  1703 | D:2      | Reached skill level 1 in Short Blades
  1709 | D:2      | Noticed Natasha
  1717 | D:2      | Killed Natasha
  1717 | D:2      | Reached skill level 1 in Fighting
  1717 | D:2      | Reached skill level 1 in Conjurations
  2042 | D:2      | Noticed Natasha
  2051 | D:2      | Killed from afar by Natasha

Action                   |  1- 3 |  4- 6 || total
-------------------------+-------+-------++-------
Melee: Unarmed           |    14 |       ||    14
       Dagger            |    16 |       ||    16
       Short sword       |    71 |    84 ||   155
 Cast: Sting             |    19 |     6 ||    25
       Mephitic Cloud    |     5 |     1 ||     6
 Stab: Sleeping          |     2 |     3 ||     5
       Confused          |     3 |     1 ||     4
  Eat: Chunk             |     2 |     2 ||     4
